 Dungeon Crawl Stone Soup version 0.18-a0-1358-gd0e7041 (webtiles) character file.

175084 emkar the Thaumaturge (level 18, -2/110 HPs)
             Began as a Gargoyle Earth Elementalist on Feb 20, 2016.
             Was the Champion of Vehumet.
             Slain by a snapping turtle (8 damage)
             ... on level 4 of the Shoals.
             The game lasted 03:33:53 (51799 turns).

emkar the Thaumaturge (GrEE)                       Turns: 51799, Time: 03:33:53

Health: -2/110     AC: 29    Str:  9    XL:     18   Next: 8%
Magic:  20/45      EV: 12    Int: 27    God:    Vehumet [******]
Gold:   1145       SH:  8    Dex: 13    Spells: 8 memorised, 11 levels left

rFire  + . .     SeeInvis +     F - +8 dagger "Ucufomih" {elec, Int+4 Dex+3}
rCold  . . .     Gourm    .     K - +2 robe {Archmagi}
rNeg   + . .     Faith    .     f - +3 buckler
rPois  ∞         Spirit   .     c - +1 helmet "Lolacza" {rElec MR+ Str-4 SInv}
rElec  +         Dismiss  .     J - +2 cloak {+Inv}
rCorr  .         Reflect  .     l - +2 pair of gloves
SustAt .         Harm     .     Q - +2 pair of boots "Raeciawk" {rF+}
MR     +++..                    k - amulet of magic regeneration
Stlth  ++........               L - ring of protection from magic
                                u - ring of magical power

@: flying, studying Short Blades, extremely resistant to hostile enchantments,
unstealthy
A: big wings, negative energy resistance 1, electricity resistance, unbreathing,
petrification resistance, rot immunity, AC +13
a: Stop Flying, Renounce Religion, Evoke Invisibility


You were on level 4 of the Shoals.
You worshipped Vehumet.
Vehumet was exalted by your worship.
You were not hungry.

You visited 5 branches of the dungeon, and saw 30 of its levels.
You also visited: Labyrinth and Sewer.

You collected 2707 gold pieces.
You spent 1562 gold pieces at shops.

Inventory:

Hand Weapons
 o - a +1 whip of flaming
 F - the +8 dagger "Ucufomih" (weapon) {elec, Int+4 Dex+3}
   (You found it on level 5 of the Dungeon)

   Occasionally, upon striking a foe, it will discharge some electrical energy
   and cause terrible harm.
   It affects your intelligence (+4).
   It affects your dexterity (+3).
Missiles
 B - 70 stones (quivered)
Armour
 c - the +1 helmet "Lolacza" (worn) {rElec MR+ Str-4 SInv}
   (You found it on level 11 of the Dungeon)

   It affects your strength (-4).
   It insulates you from electricity.
   It affects your resistance to hostile enchantments.
   It lets you see invisible.
 f - a +3 buckler (worn)
 l - a +2 pair of gloves (worn)
 J - a +2 cloak of invisibility (worn)
 K - a +2 robe of the Archmagi (worn)
 Q - the +2 pair of boots "Raeciawk" (worn) {rF+}
   (You found it on level 10 of the Dungeon)

   It protects you from fire.
Jewellery
 b - a +2 ring of evasion {unknown}
 k - an amulet of magic regeneration (around neck)
 u - a ring of magical power (left hand)
 L - a ring of protection from magic (right hand)
 T - a +3 ring of dexterity
Wands
 r - a wand of disintegration (9/24)
 w - a wand of iceblast (0/15)
 R - a wand of digging (3/24)
Scrolls
 p - 13 scrolls of teleportation
 x - 13 scrolls of remove curse
 y - a scroll of magic mapping
 z - 8 scrolls of blinking
 C - 4 scrolls of fog
 M - 7 scrolls of recharging
 O - 3 scrolls of amnesia
 X - 2 scrolls of immolation
Potions
 a - 4 potions of haste
 e - a potion of agility
 g - 2 potions of invisibility
 h - 7 potions of might
 n - 16 potions of curing
 t - 4 potions of brilliance
 D - 4 potions of cancellation
 I - a potion of berserk rage
 V - 2 potions of resistance
 Y - a potion of ambrosia
Books
 i - a manual of Short Blades
 E - a book of Power

   Spells                             Type                      Level
   a - Fulminant Prism                Conjuration/Hexes            4
   b - Iskenderun's Mystic Blast      Conjuration                  4
   c - Venom Bolt                     Conjuration/Poison           5
   d - Bolt of Magma                  Conjuration/Fire/Earth       5
   e - Iron Shot                      Conjuration/Earth            6
   f - Orb of Destruction             Conjuration                  7
   g - Spellforged Servitor           Conjuration/Summoning        7
Miscellaneous
 A - a box of beasts
 G - a sack of spiders {used: 1}
 P - a phial of floods
 Z - a disc of storms
Comestibles
 d - 13 bread rations
 j - 2 chunks of flesh
 m - 16 meat rations
 q - a beef jerky


   Skills:
 + Level 11.4 Fighting
 + Level 10.0 Short Blades
 - Level 7.3 Maces & Flails
 - Level 5.1 Armour
 + Level 8.8 Dodging
 - Level 2.1 Stealth
 - Level 4.0 Shields
 * Level 14.1 Spellcasting
 + Level 11.9 Conjurations
   Level 0.7 Transmutations
 * Level 12.7 Fire Magic
 + Level 13.6 Earth Magic
 + Level 4.0 Evocations


You had 11 spell levels left.
You knew the following spells:

 Your Spells              Type           Power        Failure   Level  Hunger
b - Stone Arrow           Conj/Erth      ######       1%          3    None
c - Lee's Rapid Deconstr  Erth           #######...   1%          5    #......
d - Sting                 Conj/Pois      ####         1%          1    None
e - Bolt of Magma         Conj/Fire/Erth #######...   1%          5    #......
f - Iron Shot             Conj/Erth      #######...   1%          6    ####...
g - Bolt of Fire          Conj/Fire      #######...   1%          6    ####...
h - Regeneration          Chrm/Necr      ####......   10%         3    None
i - Fireball              Conj/Fire      #######...   1%          5    #......


Dungeon Overview and Level Annotations

Branches:
Dungeon (15/15)            Temple (1/1) D:6            Lair (8/8) D:9
 Shoals (4/4) Lair:6       Spider (0/4) Lair:5        Slime (0/6) Lair:7
    Orc (2/2) D:11            Elf (0/3) Orc:2        Vaults (0/5) D:14
 Depths (0/5) D:15

Altars:
Ashenzari
Cheibriados
Dithmenos
Elyvilon
Fedhas
Gozag
Kikubaaqudgha
Makhleb
Nemelex Xobeh
Okawaru
Pakellas
Qazlal
Ru
Sif Muna
Trog
Vehumet
Xom
Yredelemnul
Zin
The Shining One
Beogh

Shops:
D:7 !   D:12 *   D:13 [   Orc:2 *[:(   Shoals:1 %*

Portals:
Hell: Lair:8

Annotations:
Shoals:4 Ilsuiw


Innate Abilities, Weirdness & Mutations

You are resistant to torment.
Your stone body is resilient (AC +13).
You are immune to poison.
Your large and strong wings let you fly indefinitely.
You resist negative energy.
You are resistant to electric shocks.
You can survive without breathing.
You are immune to petrification.
You are immune to rotting.


Message History

The sea snake completely misses you.
You slip out of the net!
The merfolk impaler hits you from afar with a trident of freezing!
The merfolk impaler freezes you.
The merfolk hits you but does no damage.
The merfolk avatar chants a haunting song.
You resist with almost no effort. The sea snake bites you!!
* * * LOW HITPOINT WARNING * * *
You block the snapping turtle's attack.
The merfolk impaler hits you from afar with a trident of freezing!
* * * LOW HITPOINT WARNING * * *
The merfolk impaler freezes you.
* * * LOW HITPOINT WARNING * * *
Unknown command.
The merfolk hits you with a dagger of speed.
* * * LOW HITPOINT WARNING * * *
The sea snake bites you but does no damage.
The merfolk impaler hits you but does no damage.
The snapping turtle bites you from afar!
You die...

≈≈≈≈≈≈≈≈≈≈P.PP.
≈≈≈≈≈≈)≈≈≈≈...P
≈≈≈≈≈≈m≈≈....PP
≈≈≈≈≈≈≈.m.P....
≈≈≈≈≈≈.........
≈≈≈≈≈..t.....P.
≈≈≈≈≈...S......
≈≈≈≈≈..@S....≈≈
≈≈≈≈≈...m...≈≈≈
≈≈≈≈...m...≈≈≈≈
≈≈≈≈...m...≈≈≈≈
≈≈≈≈....m.≈≈≈≈.
≈≈≈≈...m)t≈≈...
≈≈≈≈...))).....
≈≈≈....))).....


You could see an alligator snapping turtle, 2 merfolk avatars, 2 merfolk
impalers, a merfolk javelineer, 2 sea snakes, a snapping turtle and 2 merfolk.

Vanquished Creatures
  Nikola (Lair:6)
  Polyphemus (Shoals:2)
  The ghost of KarvaRausku the Fighter, an adept FoFi of Okawaru (Shoals:3)
  2 krakens (Shoals:3)
  Donald (Shoals:2)
  An orc warlord (Orc:2)
  Azrael (Orc:2)
  An ettin (D:15)
  2 merfolk javelineers (Shoals:4)
  The ghost of namelastname112 the Covert, a journeyman DrWn of Ru (D:13)
  A minotaur (Lab)
  5 merfolk impalers
  Erolcha (D:11)
  Harold (Lair:1)
  A fire dragon (D:14)
  Fannar (D:11)
  13 hydras
  4 merfolk avatars
  5 centaur warriors
  2 catoblepae
  2 ogre magi (D:15)
  3 merfolk aquamancers
  8 satyrs
  The ghost of namelastname112 the Grappler, a novice DrMo of Nemelex Xobeh (D:9)
  A tengu warrior (D:15)
  A death knight (D:15)
  A queen ant (Lair:8)
  8 death yaks
  4 orc high priests (Orc:2)
  A sun demon (Lair:8)
  Nergalle (Lair:1)
  2 skeletal warriors (D:15)
  An iron troll (D:14)
  A deep troll (D:15)
  3 unseen horrors
  8 sea snakes
  A deep elf archer (D:15)
  Pikel (D:7)
  3 hill giants
  5 orc knights
  A harpy (shapeshifter) (D:13)
  A wizard (Lair:8)
  A phantasmal warrior (D:15)
  7 harpies
  A wolf spider (Lair:5)
  A necromancer (D:14)
  3 oklob plants (Lair:7)
  A wolf spider zombie (D:15)
  4 orc sorcerers
  A lindwurm (Lair:8)
  9 fauns
  4 water nymphs
  6 manticores
  7 griffons
  10 cyclopes
  A sixfirhy (Lair:8)
  6 black mambas
  6 ugly things
  12 elephants
  A torpor snail (Lair:4)
  Psyche (D:10)
  13 sirens
  A smoke demon (Lair:8)
  10 spiny frogs
  2 gargoyles
  2 centaur skeletons
  8 orange demons
  A kobold demonologist (D:14)
  5 komodo dragons
  3 ice devils (Lair:8)
  A tengu conjurer (D:14)
  6 fire drakes
  A freezing wraith (D:14)
  A red devil (Lair:8)
  A jumping spider (Lair:5)
  5 trolls
  3 wind drakes
  29 merfolk
  5 two-headed ogres
  2 polar bears
  A boulder beetle (Lair:8)
  7 slime creatures (D:13)
  29 blink frogs
  A centaur simulacrum (D:14)
  13 snapping turtles
  3 shadows
  Eustachio (D:4)
  A redback (Lair:5)
  7 water elementals
  A tarantella (shapeshifter) (D:15)
  74 yaks
  A spriggan (Lair:1)
  2 wyverns
  7 basilisks
  2 wraiths
  Grum (D:11)
  3 fire elementals (Orc:2)
  3 vampire mosquitoes (D:14)
  4 hungry ghosts
  12 wolves
  12 hippogriffs
  A warg (Orc:1)
  7 soldier ants (Lair:8)
  2 hell hounds
  15 water moccasins
  15 porcupines
  Duvessa (D:5)
  A black bear (Lair:4)
  2 wasps
  2 eyes of draining (D:12)
  36 orc warriors
  5 sky beasts
  2 slaves (D:7)
  5 ice beasts
  A phantom (D:9)
  9 ogres
  4 necrophages
  17 crocodiles
  6 centaurs
  25 giant frogs
  Dowan (D:5)
  10 scorpions
  A wyvern skeleton (D:12)
  24 killer bees
  8 wights
  7 electric eels
  6 crimson imps
  4 centaur zombies
  6 hounds
  4 giant frog skeletons
  16 jellies
  36 orc wizards
  24 orc priests
  Jessica (D:7)
  7 iguanas
  23 worker ants
  2 hell rats (Lair:6)
  46 sheep
  A hound zombie (D:11)
  22 adders
  12 gnolls
  54 river rats
  5 shadow imps
  An ooze (D:2)
  An adder skeleton (D:7)
  An adder zombie (D:6)
  3 worms
  8 giant geckos
  119 orcs
  8 bats
  6 giant cockroaches
  8 goblins
  6 hobgoblins
  9 jackals
  8 kobolds
  6 quokkas
  2 ball pythons
  A giant gecko skeleton (D:7)
  4 giant newts
  A jackal skeleton (D:4)
  3 quokka skeletons
  A quokka zombie (D:7)
  21 rats
  3 fungi (D:9)
  8 plants
  8 tentacles (Shoals:3)
1182 creatures vanquished.

Vanquished Creatures (others)
  An ice dragon (D:5)
  A merfolk (Lair:6)
  A bush (D:5)
  36 fungi
  29 plants
  59 tentacles (Shoals:3)
  2779 tentacle segments (Shoals:3)
2906 creatures vanquished.

Grand Total: 4088 creatures vanquished

Notes
Turn   | Place    | Note
--------------------------------------------------------------
     0 | D:1      | emkar the Gargoyle Earth Elementalist began the quest for the Orb.
     0 | D:1      | Reached XP level 1. HP: 10/10 MP: 3/3
   312 | D:1      | Reached XP level 2. HP: 15/15 MP: 5/5
  1655 | D:1      | Reached XP level 3. HP: 19/19 MP: 2/7
  1660 | D:1      | Learned a level 3 spell: Stone Arrow
  2124 | D:1      | Reached skill level 4 in Earth Magic
  2461 | D:2      | Reached XP level 4. HP: 24/24 MP: 6/9
  2681 | D:2      | Reached skill level 1 in Conjurations
  3581 | D:3      | Reached XP level 5. HP: 21/28 MP: 5/10
  3842 | D:3      | Found a glowing drain.
  3848 | Sewer    | Entered a sewer
  3877 | Sewer    | Noticed a crocodile
  3889 | Sewer    | Killed a crocodile
  3889 | Sewer    | Reached skill level 5 in Earth Magic
  3889 | Sewer    | Reached XP level 6. HP: 20/32 MP: 3/12
  4239 | D:3      | Found a snail-covered altar of Cheibriados.
  4240 | D:3      | Found a sacrificial altar of Ru.
  4244 | D:3      | Found a shattered altar of Ashenzari.
  4884 | D:4      | Reached skill level 5 in Spellcasting
  4943 | D:4      | Learned a level 5 spell: Lee's Rapid Deconstruction
  4957 | D:4      | Noticed Eustachio
  4970 | D:4      | Killed Eustachio
  4970 | D:4      | Reached XP level 7. HP: 36/36 MP: 13/15
  5388 | D:4      | Reached skill level 6 in Earth Magic
  5646 | D:3      | Found a radiant altar of Vehumet.
  5646 | D:3      | Found a burning altar of Makhleb.
  5653 | D:3      | Became a worshipper of Vehumet
  5779 | D:5      | Entered Level 5 of the Dungeon
  5940 | D:5      | Reached XP level 8. HP: 42/42 MP: 0/17
  6104 | D:5      | Reached skill level 1 in Maces & Flails
  6106 | D:5      | Reached skill level 1 in Fighting
  6147 | D:5      | Found an oddly glowing altar of Pakellas.
  6149 | D:5      | Noticed an ice dragon
  6160 | D:5      | Killed an ice dragon
  6205 | D:5      | Noticed a moth of wrath
  6209 | D:5      | Found a bloodstained altar of Trog.
  6777 | D:5      | Noticed Duvessa
  6778 | D:5      | Noticed Dowan
  6785 | D:5      | Killed Duvessa
  6785 | D:5      | Reached skill level 1 in Armour
  6789 | D:5      | Killed Dowan
  6905 | D:5      | Reached * piety under Vehumet
  6905 | D:5      | Offered knowledge of Sting by Vehumet.
  6911 | D:5      | Got a translucent dagger
  6912 | D:5      | Identified the +8 dagger "Ucufomih" {elec, Int+4 Dex+3} (You found it on level 5 of the Dungeon)
  6915 | D:5      | Learned a level 1 spell: Sting
  7107 | D:6      | Got a translucent leather armour
  7140 | D:6      | Identified the +1 leather armour "Puanil" {rC+ rCorr Dex+6} (You found it on level 6 of the Dungeon)
  7531 | D:6      | Reached XP level 9. HP: 41/49 MP: 19/19
  7874 | D:6      | Found a staircase to the Ecumenical Temple.
  7892 | D:6      | Reached skill level 7 in Spellcasting
  8106 | Temple   | Entered the Ecumenical Temple
  8395 | D:7      | Reached skill level 5 in Conjurations
  8514 | D:7      | Found a flagged portal.
  8780 | D:7      | Found Oroy's Distillery.
  8790 | D:7      | Offered knowledge of Searing Ray by Vehumet.
  8791 | D:7      | Reached ** piety under Vehumet
  8854 | D:7      | Bought a potion of invisibility for 96 gold pieces
  8854 | D:7      | Bought a potion of degeneration for 12 gold pieces
  8914 | D:7      | Noticed Pikel
  8933 | D:7      | Killed Pikel
  9737 | D:7      | Found a sparkling altar of Nemelex Xobeh.
  9737 | D:7      | Noticed Jessica
  9738 | D:7      | Killed Jessica
  9738 | D:7      | Offered knowledge of Static Discharge by Vehumet.
  9892 | D:8      | Reached XP level 10. HP: 56/56 MP: 14/21
  9965 | D:8      | Reached skill level 8 in Spellcasting
 10271 | D:8      | Reached *** piety under Vehumet
 10395 | D:8      | Found an iron altar of Okawaru.
 10441 | D:8      | Learned a level 5 spell: Bolt of Magma
 10452 | D:8      | Found a sparkling altar of Nemelex Xobeh.
 10465 | D:8      | Learned a level 6 spell: Iron Shot
 10714 | D:8      | Found a burning altar of Makhleb.
 10917 | D:8      | Reached skill level 1 in Fire Magic
 11257 | D:9      | Noticed namelastname112's ghost (novice DrMo)
 11689 | D:9      | Noticed a manticore
 11693 | D:9      | Killed a manticore
 11751 | D:9      | Found a staircase to the Lair.
 12015 | D:9      | Reached skill level 1 in Short Blades
 12102 | D:9      | Offered knowledge of Sticky Flame by Vehumet.
 12389 | D:9      | Reached XP level 11. HP: 45/62 MP: 23/23
 12398 | D:9      | Reached skill level 5 in Fighting
 12398 | D:9      | Reached skill level 9 in Spellcasting
 13055 | D:9      | Killed namelastname112's ghost
 13055 | D:9      | Reached skill level 5 in Armour
 13266 | D:10     | Entered Level 10 of the Dungeon
 13849 | D:10     | Reached **** piety under Vehumet
 13858 | D:10     | Got a pair of spiked boots
 13869 | D:10     | Identified the +2 pair of boots "Raeciawk" {rF+} (You found it on level 10 of the Dungeon)
 14138 | D:10     | Noticed Psyche
 14140 | D:10     | Killed Psyche
 14447 | Lair:1   | Entered Level 1 of the Lair of Beasts
 14473 | Lair:1   | Noticed Harold
 14486 | Lair:1   | Killed Harold
 14486 | Lair:1   | Offered knowledge of Irradiate by Vehumet.
 14557 | Lair:1   | Found a dark tunnel.
 14914 | Lair:1   | Noticed Nergalle
 14924 | Lair:1   | Killed Nergalle
 15451 | Lair:2   | Reached skill level 1 in Shields
 15635 | Lair:2   | Reached skill level 5 in Fire Magic
 15770 | Lair:1   | Reached ***** piety under Vehumet
 15879 | Lair:2   | Offered knowledge of Airstrike by Vehumet.
 15879 | Lair:2   | Reached XP level 12. HP: 38/69 MP: 11/25
 15941 | Lair:2   | Reached skill level 5 in Dodging
 16527 | Lair:2   | Reached skill level 10 in Spellcasting
 16871 | Lair:2   | Noticed a six-headed hydra
 16881 | Lair:2   | Killed a six-headed hydra
 18535 | Lair:3   | Noticed a four-headed hydra
 18539 | Lair:3   | Killed a four-headed hydra
 19270 | Lair:4   | Reached skill level 10 in Earth Magic
 19657 | Lair:4   | Reached XP level 13. HP: 76/76 MP: 13/27
 20430 | Lair:4   | Offered knowledge of Bolt of Fire by Vehumet.
 20465 | Lair:4   | Learned a level 6 spell: Bolt of Fire
 20668 | Lair:5   | Reached skill level 5 in Short Blades
 20842 | Lair:5   | Reached skill level 5 in Maces & Flails
 22044 | Lair:5   | Reached skill level 11 in Spellcasting
 22412 | Lair:5   | Learned a level 3 spell: Regeneration
 22829 | Lair:5   | Found a hole to the Spider Nest.
 23998 | Lair:6   | Found a staircase to the Shoals.
 24152 | Lair:6   | Gained mutation: Your large and strong wings let you fly indefinitely. [Gargoyle growth]
 24152 | Lair:6   | Reached XP level 14. HP: 84/84 MP: 6/29
 25539 | Lair:7   | Found a staircase to the Slime Pits.
 25952 | Lair:7   | Offered knowledge of Iskenderun's Battlesphere by Vehumet.
 27390 | Lair:8   | Entered Level 8 of the Lair of Beasts
 27451 | Lair:8   | Found a labyrinth entrance.
 27463 | Lab      | Entered a labyrinth
 27909 | Lab      | Got an iridescent shortbow {flame}
 30001 | Lair:8   | Reached skill level 12 in Spellcasting
 30001 | Lair:8   | Reached XP level 15. HP: 90/90 MP: 19/31
 30006 | Lair:8   | Reached skill level 10 in Conjurations
 30392 | Lair:8   | Found a burning altar of Makhleb.
 30399 | Lair:8   | Found a gateway to Hell.
 30694 | Lair:8   | Offered knowledge of Freezing Cloud by Vehumet.
 31889 | D:11     | Reached skill level 10 in Fire Magic
 32100 | D:11     | Noticed Erolcha
 32109 | D:11     | Killed Erolcha
 32275 | D:11     | Found a staircase to the Orcish Mines.
 32347 | D:11     | Got a steaming helmet
 32358 | D:11     | Identified the +1 helmet "Lolacza" {rElec MR+ Str-4 SInv} (You found it on level 11 of the Dungeon)
 32499 | D:11     | Noticed Grum
 32506 | D:11     | Killed Grum
 32660 | D:11     | Noticed Fannar
 32663 | D:11     | Killed Fannar
 33894 | D:12     | Found Riut's General Store.
 34392 | D:13     | Found Kulek's Antique Armour Boutique.
 34416 | D:13     | Noticed namelastname112's ghost (journeyman DrWn)
 34440 | D:13     | Killed namelastname112's ghost
 34850 | D:13     | Offered knowledge of Poison Arrow by Vehumet.
 36191 | D:14     | Found a glowing golden altar of the Shining One.
 36278 | D:14     | Found a roughly hewn altar of Beogh.
 36989 | D:14     | Found a gate to the Vaults.
 36994 | D:14     | Got an encrusted trident
 37000 | D:14     | Identified the +5 trident "ETAOIN SHRDLU" {venom, rN+ MR+} (You found it on level 14 of the Dungeon)
 37109 | D:14     | Found a blossoming altar of Fedhas.
 37323 | D:15     | Entered Level 15 of the Dungeon
 37345 | D:15     | Reached skill level 10 in Fighting
 37345 | D:15     | Reached XP level 16. HP: 97/97 MP: 22/32
 37643 | D:15     | Offered knowledge of Delayed Fireball by Vehumet.
 38579 | D:15     | Found a staircase to the Depths.
 38766 | D:15     | Reached skill level 13 in Spellcasting
 39787 | Orc:1    | Entered Level 1 of the Orcish Mines
 40750 | Orc:2    | Entered Level 2 of the Orcish Mines
 41066 | Orc:2    | Noticed Azrael
 41071 | Orc:2    | Killed Azrael
 41317 | Orc:2    | Offered knowledge of Conjure Ball Lightning by Vehumet.
 41390 | Orc:2    | Reached ****** piety under Vehumet
 41717 | Orc:2    | Reached skill level 1 in Evocations
 42008 | Orc:2    | Found a bloodstained altar of Trog.
 42341 | Orc:2    | Found Otesix's General Store.
 42342 | Orc:2    | Found Isax's Book Shop.
 42344 | Orc:2    | Found Jucueryss's Antique Armour Shop.
 42344 | Orc:2    | Found Goata's Antique Weapon Boutique.
 42400 | Orc:2    | Bought a manual of Short Blades for 1104 gold pieces
 42432 | Orc:2    | Bought a book of Flames for 350 gold pieces
 42439 | Orc:2    | Learned a level 5 spell: Fireball
 42823 | Orc:2    | Found a staircase to the Elven Halls.
 43099 | Shoals:1 | Entered Level 1 of the Shoals
 43099 | Shoals:1 | Found Umaa's Food Shoppe.
 43099 | Shoals:1 | Noticed Nikola
 43307 | Lair:6   | Killed Nikola
 43620 | Shoals:1 | Offered knowledge of Fire Storm by Vehumet.
 43620 | Shoals:1 | Offered knowledge of Shatter by Vehumet.
 43620 | Shoals:1 | Offered knowledge of Chain Lightning by Vehumet.
 44131 | Shoals:1 | Found Gouxiam's General Store.
 44566 | Shoals:1 | Reached XP level 17. HP: 87/104 MP: 34/34
 46923 | Shoals:2 | Noticed Polyphemus
 46950 | Shoals:2 | Killed Polyphemus
 47129 | Shoals:2 | Noticed Donald
 47137 | Shoals:2 | Killed Donald
 47810 | Shoals:3 | Noticed a kraken
 49095 | Shoals:3 | Killed a kraken
 49434 | Shoals:3 | Noticed a kraken
 49904 | Shoals:3 | Noticed KarvaRausku's ghost (adept FoFi)
 49921 | Shoals:3 | Killed KarvaRausku's ghost
 49921 | Shoals:3 | Reached skill level 14 in Spellcasting
 50343 | Shoals:3 | Killed a kraken
 51066 | Shoals:4 | Entered Level 4 of the Shoals
 51511 | Shoals:4 | Noticed Ilsuiw
 51788 | Shoals:4 | Reached XP level 18. HP: 88/110 MP: 27/36
 51792 | Shoals:4 | Reached skill level 10 in Short Blades
 51799 | Shoals:4 | Slain by a snapping turtle

Vault maps used:
D:1:      lightli_arrival_chessboard
D:3:      nicolae_overflow_hidden_temple, lightli_sewer_entry_pipes,
          eino_curves_04
D:4:      first_bread, uniq_eustachio
D:5:      gammafunk_pakellas_spire_experiment, tgw_trog, uniq_duvessa
D:6:      minmay_temple_entry_hall, st_stairs_3, minmay_liquid_box
D:7:      serial_shops, nicolae_shop_statue_plus, enter_bailey_2,
          grunt_ogre_cave, nemelex_lonely_heart_becter, uniq_pikel
D:8:      kennysheep_mini, lemuel_crystal_altar, serial_glass, glass_columns_a,
          glass_columns_b, glass_columns_a, glass_columns_c, glass_columns_a,
          glass_columns_b, glass_columns_a, glass_columns_a, basic_altar
D:9:      dpeg_oklobed_lair
D:10:     uniq_psyche
D:11:     erik_orc_2, serial_park_tiny_1, uniq_erolcha, uniq_grum, uniq_fannar
D:12:     serial_shops, shop
D:13:     serial_shops, shop
D:14:     david_vaults_4, fedhas_altar_4, minivault_26,
          nicolae_tso_swordbearing_angel
D:15:     hangedman_depths_entry_civil_slaughter, serial_park_tiny_pond,
          einodemon_barbed_minivault
Temple:   temple_eino_lava_12
Lair:1:   nicolae_volcano_entry_hallway, grunt_forest_large_clearing_hut,
          uniq_nergalle, uniq_harold
Lair:2:   grunt_megastairs_2
Lair:4:   infiniplex_staircase_pool
Lair:5:   spider_nest_entry_funnel_web, kennysheep_basilisk_garden,
          infiniplex_staircase_pool_2
Lair:6:   kennysheep_abandoned_house, elwin_shoals_entry_stream,
          serial_bayou_lake_a
Lair:7:   minmay_slime_entry_jelly_boxes, dpeg_oklob_1, grunt_megastairs_4
Lair:8:   evil_forest, lab_entry_generic, nicolae_lair_grove_arrangements,
          minmay_another_anthill
Shoals:1: serial_shops, shop, nicolae_shop_competitors_out_of_business,
          uniq_nikola
Shoals:2: uniq_donald, uniq_polyphemus
Shoals:4: shoals_end_grunt_garden, shoal_ilsuiw
Orc:1:    lightli_orcish_oven
Orc:2:    st_orc_congregation, basic_altar, mines2_lemuel, uniq_azrael
Lab:      nicolae_lab_dead_adventurers, nicolae_lab_t_cross, nicolae_lab_lava,
          nicolae_lab_swirl
Sewer:    sewer_big_baddie

Action                   |  1- 3 |  4- 6 |  7- 9 | 10-12 | 13-15 | 16-18 || total
-------------------------+-------+-------+-------+-------+-------+-------++-------
Melee: Dagger            |   207 |    99 |   198 |   483 |  1241 |  1128 ||  3356
       Short sword       |       |     6 |       |       |       |       ||     6
Throw: Throwing net      |       |       |     1 |       |       |       ||     1
       Stone             |       |       |       |       |     1 |       ||     1
 Cast: Sandblast         |    34 |    66 |    74 |       |       |       ||   174
       Lee's Rapid Decon |       |       |     2 |    20 |    18 |    29 ||    69
       Stone Arrow       |       |       |    24 |   150 |   254 |    38 ||   466
       Bolt of Magma     |       |       |       |    37 |    81 |    34 ||   152
       Iron Shot         |       |       |       |     3 |    29 |   127 ||   159
       Bolt of Fire      |       |       |       |       |     2 |     1 ||     3
       Fireball          |       |       |       |       |       |    61 ||    61
 Abil: Fly               |       |       |       |       |     1 |       ||     1
Evoke: Wand              |       |       |       |       |     4 |     3 ||     7
       Phial of floods   |       |       |       |       |       |     1 ||     1
       Sack of spiders   |       |       |       |       |       |     1 ||     1
  Use: Scroll            |     7 |    12 |     5 |     8 |    12 |     9 ||    53
       Potion            |     2 |     1 |       |     3 |     2 |     1 ||     9
 Stab: Sleeping          |     2 |     1 |     3 |     3 |     9 |       ||    18
       Distracted        |       |       |     1 |       |     1 |     2 ||     4
  Eat: Chunk             |     5 |     8 |    14 |    31 |    50 |    51 ||   159
       Fruit             |       |       |     4 |    11 |     6 |     8 ||    29
       Pizza             |       |       |       |     1 |     3 |       ||     4
       Royal jelly       |       |       |       |       |     3 |       ||     3
       Beef jerky        |       |       |       |       |     6 |     9 ||    15
       Meat ration       |       |       |       |       |       |     1 ||     1
